 Dungeon Crawl Stone Soup version 0.28.0-45-g0d030f2227 (webtiles) character file.

Game seed: 5028410942611311295

14 Ablot the Cutter (level 2, -8/29 HPs)
             Began as a Gnoll Chaos Knight on Apr 10, 2022.
             Was a Plaything of Xom.
             Mangled by a jumping spider (shapeshifter) (9 damage)
             ... on level 1 of the Dungeon.
             The game lasted 00:00:36 (561 turns).

Ablot the Cutter (Gnoll Chaos Knight)                Turns: 561, Time: 00:00:37

Health: -8/29      AC:  6    Str: 11    XL:     2   Next: 45%
Magic:  2/2        EV: 12    Int: 11    God:    Xom [..*...]
Gold:   20         SH:  0    Dex: 11    Spells: 1/1 levels left

rFire   . . .      SeeInvis .   a - +0 short sword (chaos)
rCold   . . .      Faith    .   (no shield)
rNeg    . . .      Spirit   .   b - +2 leather armour
rPois   .          Reflect  .   (no helmet)
rElec   .          Harm     .   (no cloak)
rCorr   .          Rampage  .   (no gloves)
Will    .....                   i - +0 pair of boots
Stlth   +.........              (no amulet)
HPRegen 0.09/turn               (no ring)
MPRegen 0.08/turn               (no ring)

@: no status effects
A: fangs 1, strong nose, distributed training
a: Renounce Religion


You were on level 1 of the Dungeon.
You worshipped Xom.
You were a toy of Xom.
You visited 1 branch of the dungeon, and saw 1 of its levels.

You collected 20 gold pieces.

Inventory:

Hand Weapons
 a - a +0 short sword of chaos (weapon)
Missiles
 e - 35 arrows
 f - 21 bolts
Armour
 b - a +2 leather armour (worn)
 h - a +2 buckler
 i - a +0 pair of boots (worn)
Scrolls
 c - 3 scrolls of brand weapon {unknown}
 d - a scroll of holy word {unknown}
 g - a scroll of identify {unknown}


   Skills:
 + Level 6.5 Fighting
 + Level 6.5 Short Blades
 + Level 0.4 Long Blades
 + Level 0.4 Axes
 + Level 0.4 Maces & Flails
 + Level 0.4 Polearms
 + Level 0.4 Staves
 + Level 0.4 Slings
 + Level 0.4 Bows
 + Level 0.4 Crossbows
 + Level 0.4 Throwing
 + Level 4.5 Armour
 + Level 2.5 Dodging
 + Level 0.4 Stealth
 + Level 0.4 Shields
 + Level 0.4 Unarmed Combat
 + Level 0.4 Spellcasting
 + Level 0.2 Conjurations
 + Level 0.2 Hexes
 + Level 0.2 Summonings
 + Level 0.2 Necromancy
 + Level 0.2 Translocations
 + Level 0.2 Transmutations
 + Level 0.2 Fire Magic
 + Level 0.2 Ice Magic
 + Level 0.2 Air Magic
 + Level 0.2 Earth Magic
 + Level 0.2 Poison Magic
 + Level 0.5 Invocations
 + Level 0.4 Evocations


You had one spell level left.
You didn't know any spells.
Your spell library was empty.

Dungeon Overview and Level Annotations

Branches:
Dungeon (1/15)

Altars:


Innate Abilities, Weirdness & Mutations

You have very sharp teeth.
Your uncanny sense of smell can sniff out nearby items.
Your experience applies equally to all skills.


Message History

You barely miss the jackal.
The jumping spider leaps!
You hit the jackal but do no damage. The jackal barely misses you.
You closely miss the jackal.
The jackal bites you but does no damage.
The jumping spider leaps!
You barely miss the jackal.
The jackal bites you but does no damage.
The jackal closely misses you.
You hit the jackal. You freeze the jackal.
You kill the jackal!
You closely miss the jumping spider.
The jumping spider leaps!
A jumping spider is nearby!
You closely miss the jumping spider. You bite the jumping spider.
The jumping spider is lightly wounded.
The jumping spider closely misses you. The jumping spider barely misses you.
You hit the jumping spider but do no damage.
The jumping spider is lightly wounded.
The jumping spider pounces on you.
You are caught in a web!
The jumping spider bites you.
You struggle to detach yourself from the web.
The jumping spider pounces on you.
The jumping spider bites you but does no damage.
The jumping spider pounces on you but does no damage.
The jumping spider bites you but does no damage.
You struggle to detach yourself from the web.
The jumping spider barely misses you. The jumping spider bites you.
The web tears apart.
The jumping spider pounces on you!
* * * LOW HITPOINT WARNING * * *
The jumping spider bites you but does no damage.
The jumping spider barely misses you.
The jumping spider completely misses you.
You closely miss the jumping spider. The jumping spider closely misses you.
The jumping spider bites you.
* * * LOW HITPOINT WARNING * * *
You hit the jumping spider but do no damage.
The jumping spider is poisoned.
You bite the jumping spider, but do no damage.
The jumping spider pounces on you!
You die...
Xom chortles!

######
#####...####.........#
## ####..# ##.......##
#.....# ##.....##
#.##### ##...## #.#
#+## #.# #.#
#.##########
#.#....@s..#
#.#.######.# #.#.####
#......# ###.##.# #.#
.. #.# ## #.. ###


You could see a jumping spider shaped shifter (very poisoned).

Vanquished Creatures
  A dart slug (D:1)
  3 ball pythons (D:1)
  An endoplasm (D:1)
  2 goblins (D:1)
  A jackal (D:1)
  A kobold (D:1)
  A frilled lizard (D:1)
  A rat (D:1)
11 creatures vanquished.

Notes
Turn   | Place    | Note
-------+----------+-------------------------------------------
     0 | D:1      | Ablot the Gnoll Chaos Knight began the quest for the Orb.
     0 | D:1      | Reached XP level 1. HP: 23/23 MP: 1/1
   263 | D:1      | Reached XP level 2. HP: 28/29 MP: 2/2
   355 | D:1      | XOM: cast spell 'Summon Small Mammal'
   503 | D:1      | XOM: silly message
   546 | D:1      | Noticed a shapeshifter
   546 | D:1      | a jackal changed into a shapeshifter
   546 | D:1      | Noticed a jumping spider
   546 | D:1      | a shapeshifter changed into a jumping spider
   560 | D:1      | HP: 1/29 [jumping spider (shapeshifter) (2)]
   561 | D:1      | Mangled by a jumping spider (shapeshifter)

Illustrated notes

Levels and vault maps discovered:
D:1:      minmay_arrival_solitary_statue, layout_loops_corners,
          amcnicky_mini_corridor_feature, minmay_misc_feat_plants

Action                   || total
-------------------------++-------
Melee: Short sword       ||    39
       Bite              ||     6
       Punch             ||     1
Armor: Leather armour    ||     9
Dodge: Dodged            ||    17
